AoeStats
← jhonskull87

Oasis

508927260Analyzed
4v4 RM · 9d ago on Sep 24, 2026· 73m 40s· 8 players
Game mode
Random Map
Map size
Large (8 player)
Population
200
Speed
Normal
Resources
Standard
Victory
Conquest
Starting age
Dark Age
Ending age
Imperial Age
RankedLock teamsTeams togetherTeam positionsShared explorationLock speedFull tech treeHidden civsTurbo modeCheats
Victory
Defeat
🇲🇽 Persians · Mexico
658
+13
🇹🇷 Byzantines · Türkiye
630
+14
🇮🇳 Lithuanians · India
603
+16
🇺🇸 Mongols · United States
502
+20
🇵🇪 Franks · Peru
663
-19
🇹🇷 Franks · Türkiye
605
-16
🇧🇷 Varangians · Brazil
564
-15
🇮🇹 Hindustanis · Italy
537
-13
v2_Snake
12:18 Feudal Age
13:51 Wheelbarrow
13:19 Gold Mining
14:34 Double-Bit Axe
19:44 Stone Mining
24:22 Castle Age
23:36 Scale Barding Armor
23:43 Forging
25:38 Hand Cart
25:57 Bow Saw
26:25 Gold Shaft Mining
26:43 Caravan
26:40 Town Watch
28:05 Iron Casting
27:51 Chain Barding Armor
28:20 Husbandry
29:27 Fervor
33:41 Imperial Age
35:30 Chivalry
35:07 Cavalier
37:26 Blast Furnace
37:10 Plate Barding Armor
37:18 Paladin
39:02 Conscription
39:32 Scale Mail Armor
43:27 Chain Mail Armor
45:58 Plate Mail Armor
46:37 Treadmill Crane
throak
10:25 Feudal Age
MAGNATO
0:31 Loom
12:52 Feudal Age
15:33 Man-at-Arms
leonedu
14:11 Feudal Age
12:28 Loom
18:26 Castle Age
16:37 Double-Bit Axe
16:44 Gold Mining
19:22 Bow Saw
21:46 Wheelbarrow
23:23 Stone Mining
25:08 Hand Cart
26:47 Scale Barding Armor
26:53 Forging
28:10 Chain Barding Armor
27:55 Town Watch
29:44 Gold Shaft Mining
31:19 Iron Casting
33:27 Imperial Age
31:45 Fletching
32:32 Husbandry
35:52 Plate Barding Armor
35:10 Cavalier
36:35 Chivalry
36:56 Conscription
37:42 Blast Furnace
36:53 Bodkin Arrow
37:08 Caravan
38:37 Town Patrol
41:00 Elite Throwing Axeman
41:01 Ordonnance Companies
42:50 Paladin
45:27 Scale Mail Armor
44:49 Pikeman
50:00 Coinage
50:37 Masonry
50:24 Murder Holes
50:41 Fortified Wall
50:14 Treadmill Crane
51:37 Chemistry
50:58 Ballistics
51:39 Illumination
51:30 Block Printing
51:36 Sanctity
51:14 Herbal Medicine
52:47 Fervor
53:26 Banking
55:09 Hoardings
hawyak12
0:39 Loom
14:39 Feudal Age
18:17 Wheelbarrow
17:26 Horse Collar
17:36 Double-Bit Axe
22:51 Castle Age
22:56 Forging
22:47 Scale Mail Armor
22:55 Scale Barding Armor
22:50 Padded Archer Armor
22:40 Fletching
24:32 Stone Mining
24:32 Gold Mining
27:25 Bow Saw
29:42 Iron Casting
29:22 Chain Mail Armor
29:23 Leather Archer Armor
29:25 Heavy Plow
30:55 Stone Shaft Mining
31:29 Hand Cart
31:45 Hand Cart
34:12 Greek Fire
38:05 Imperial Age
36:32 Bodkin Arrow
36:58 Chain Barding Armor
37:33 Husbandry
36:54 Light Cavalry
38:21 Treadmill Crane
38:37 Murder Holes
38:53 Fortified Wall
38:34 Guard Tower
38:51 Caravan
39:22 Coinage
39:10 Guilds
40:41 Two-Man Saw
41:00 Banking
41:39 Ballistics
42:02 Plate Barding Armor
43:09 Chemistry
42:47 Gold Shaft Mining
41:48 Cavalier
41:50 Heavy Camel Rider
43:18 Plate Mail Armor
43:42 Conscription
46:35 Bracer
47:06 Ring Archer Armor
51:23 Logistica
51:49 Hoardings
51:21 Paladin
51:24 Hussar
61:20 Elite Cataphract
jhonskull87
13:56 Feudal Age
12:12 Loom
16:42 Horse Collar
16:50 Double-Bit Axe
17:07 Gold Mining
25:01 Castle Age
23:37 Wheelbarrow
22:48 Town Watch
23:59 Bloodlines
24:39 Forging
26:55 Bow Saw
28:50 Gold Shaft Mining
28:21 Husbandry
28:19 Fletching
30:23 Hand Cart
32:06 Bodkin Arrow
32:31 Stone Mining
34:24 Stone Shaft Mining
34:57 Heavy Plow
35:17 Town Patrol
38:46 Imperial Age
39:55 Elite Skirmisher
41:09 Pikeman
41:50 Squires
41:36 Gambesons
42:27 Halberdier
44:52 Chemistry
44:13 Ballistics
43:49 Murder Holes
47:39 Padded Archer Armor
47:42 Scale Mail Armor
48:51 Leather Archer Armor
48:52 Masonry
53:41 Chain Mail Armor
56:23 Kamandaran
55:47 Crossbowman
56:33 Thumb Ring
57:21 Elite War Elephant
58:29 Heated Shot
59:19 Iron Casting
64:40 Crop Rotation
65:49 Arson
74:11 Ring Archer Armor
74:15 Plate Mail Armor
73:51 Scale Barding Armor
non-offensive-name
0:58 Loom
13:25 Feudal Age
15:49 Wheelbarrow
14:56 Horse Collar
15:05 Double-Bit Axe
20:25 Man-at-Arms
20:51 Arson
25:53 Bloodlines
28:40 Gold Mining
28:41 Stone Mining
34:18 Castle Age
33:31 Forging
33:26 Scale Barding Armor
33:22 Scale Mail Armor
33:23 Padded Archer Armor
33:15 Fletching
37:05 Heavy Plow
37:17 Bow Saw
36:59 Long Swordsman
37:00 Pikeman
37:03 Crossbowman
37:06 Light Cavalry
37:47 Husbandry
38:27 Iron Casting
38:13 Chain Barding Armor
37:48 Bodkin Arrow
38:09 Leather Archer Armor
38:10 Chain Mail Armor
40:02 Stone Shaft Mining
39:48 Elite Skirmisher
40:31 Squires
42:16 Hand Cart
41:48 Town Watch
44:17 Town Patrol
44:37 Thumb Ring
50:05 Imperial Age
50:20 Heavy Camel Rider
52:27 Fortified Wall
52:28 Masonry
52:14 Murder Holes
53:20 Chemistry
52:12 Guard Tower
52:28 Siege Engineers
54:40 Two-Handed Swordsman
55:49 Parthian Tactics
57:42 Conscription
57:23 Nomads
57:59 Hoardings
58:22 Gold Shaft Mining
60:14 Blast Furnace
64:14 Onager
64:16 Heavy Scorpion
64:18 Capped Ram
66:23 Caravan
66:53 Coinage
71:22 Elite Mangudai
Asmo
1:22 Loom
13:11 Feudal Age
17:28 Castle Age
16:59 Man-at-Arms
17:25 Arson
22:10 Bloodlines
22:58 Double-Bit Axe
23:45 Horse Collar
25:36 Scale Barding Armor
30:44 Gold Mining
32:22 Heavy Plow
32:58 Bow Saw
33:11 Chain Barding Armor
33:46 Wheelbarrow
33:57 Husbandry
34:59 Caravan
36:14 Stone Mining
36:59 Town Watch
43:05 Imperial Age
43:35 Forging
45:09 Conscription
45:26 Hoardings
44:44 Cavalier
46:21 Paladin
48:06 Plate Barding Armor
48:07 Iron Casting
51:42 Two-Man Saw
51:18 Crop Rotation
58:54 Elite Leitis
Connection lost

Rejoining the realm…

Still unreachable

The connection could not be restored.

Session expired

The server has moved on; the page needs a fresh start.